 Dungeon Crawl Stone Soup version 0.26-a0-708-g17f3b190f9 (webtiles) character file.

Game seed: 179089231226768083

31 jasper the Vexing (level 3, -3/21 HPs)
             Began as a Kobold Arcane Marksman on Oct 27, 2020.
             Shot with a stone by a goblin (7 damage)
             ... on level 3 of the Dungeon.
             The game lasted 00:02:31 (1135 turns).

jasper the Vexing (Kobold Arcane Marksman)          Turns: 1135, Time: 00:02:32

Health: -3/21      AC:  2    Str:  7    XL:     3   Next: 40%
Magic:  4/4        EV: 16    Int: 15    God:
Gold:   47         SH:  0    Dex: 15    Spells: 1/4 levels left

rFire    . . .     SeeInvis .     - Unarmed
rCold    . . .     Faith    .   (shield restricted)
rNeg     . . .     Spirit   .   a - +0 robe
rPois    .         Reflect  .   (no helmet)
rElec    .         Harm     .   (no cloak)
rCorr    .         Rampage  .   (no gloves)
MR       .....                  (no boots)
Stlth    ++........             (no amulet)
HPRegen  0.07/turn              (no ring)
MPRegen  0.09/turn              (no ring)

@: no status effects
A: small, nightstalker 3
a: no special abilities


You were on level 3 of the Dungeon.
You visited 1 branch of the dungeon, and saw 3 of its levels.

You collected 47 gold pieces.

Inventory:

Missiles
 c - a boomerang (quivered)
 e - 9 stones
Armour
 a - a +0 robe (worn)
Scrolls
 b - a scroll of enchant weapon {unknown}
 f - a scroll of remove curse {unknown}
Potions
 h - a potion of stabbing {unknown}
 i - a potion of degeneration {unknown}


   Skills:
 + Level 1.8 Fighting
 - Level 2.1 Throwing
 + Level 3.0 Dodging
 * Level 1.9 Unarmed Combat
 - Level 1.1 Spellcasting
 - Level 3.0 Hexes


You had one spell level left.
You knew the following spells:

 Your Spells              Type           Power        Failure   Level
a - Corona                Hex            #......      7%          1
b - Slow                  Hex            #.......     11%         2

Your spell library contained the following spells:

 Spells                   Type           Power        Failure   Level
 Inner Flame              Hex/Fire       #.......     36%         3
 Portal Projectile        Hex/Tloc       #.....       36%         3
 Cause Fear               Hex            #.........   56%         4
 Leda's Liquefaction      Hex/Erth       #.........   78%         4


Dungeon Overview and Level Annotations

Branches:
Dungeon (3/15)

Altars:
Elyvilon

Annotations:
D:2 Sigmund
D:3 exclusion: adder


Innate Abilities, Weirdness & Mutations

You are small and have problems with some larger weapons.
You are completely attuned to the shadows.


Message History

You kill the rat!
The kobold throws a stone.
The stone misses you.
Throwing (i - inventory. (/) - cycle)
c - a boomerang (quivered)
Press: ? - help, Shift-Dir - straight line, f - kobold
Aim: a kobold, wielding a +0 dagger You throw a boomerang.
The boomerang hits the kobold.
You kill the kobold!
You start resting.
A goblin comes into view. It is wielding a +0 club.
Throwing (i - inventory. (/) - cycle)
c - a boomerang (quivered)
Press: ? - help, Shift-Dir - straight line, f - goblin
Aim: a goblin, wielding a +0 club and quivering 11 stones (wandering, hasn't noticed you)
You throw a boomerang. The goblin shouts!
The boomerang hits the goblin.
The goblin is severely wounded.
The goblin unwields a +0 club.
The goblin wields a cursed +0 hunting sling.
The goblin shoots a stone.
The stone hits you!
You die...

.. #... #.##....
##..#..# #.....#
#.g## #(..###
#)#...# #@###.##
# ##.###..##.
..##..#.......
.>....†.#####.
.######.....#
...........$#
##.............#
#.........#....
#.........###.S


You could see a goblin.

Vanquished Creatures
  A worm (D:2)
  A dart slug (D:1)
  An orc (D:3)
  6 hobgoblins
  3 jackals (D:1)
  4 kobolds
  A quokka (D:3)
  2 bats (D:2)
  A frilled lizard (D:1)
  3 rats
23 creatures vanquished.

Notes
Turn   | Place    | Note
-------+----------+-------------------------------------------
     0 | D:1      | jasper the Kobold Arcane Marksman began the quest for the
                  | Orb.
     0 | D:1      | Reached XP level 1. HP: 12/12 MP: 2/2
   159 | D:1      | Reached XP level 2. HP: 9/16 MP: 3/3
   172 | D:1      | Reached skill level 1 in Unarmed Combat
   424 | D:1      | You fall into a shaft and drop 1 floor!
   557 | D:2      | Reached XP level 3. HP: 14/21 MP: 4/4
   776 | D:2      | Found a white marble altar of Elyvilon.
   777 | D:2      | Noticed Sigmund
   800 | D:2      | Learned a level 2 spell: Slow
   973 | D:2      | You fall into a shaft and drop 1 floor!
  1135 | D:3      | Shot with a stone by a goblin

Illustrated notes

Levels and vault maps discovered:
D:1:      mainiacjoe_arrival_reflecting_pool, layout_basic
D:2:      layout_rooms, elyvilon_altar_5, uniq_robin, uniq_sigmund
D:3:      layout_rooms, nicolae_overflow_crystal_walls, minmay_cupped

Skill      XL: |  1  2  3 |
---------------+----------+-----
Unarmed Combat | 1 |  1.9
Dodging        | 3 |  3.0
Fighting       | |  1.8
Throwing       | |  2.1
Spellcasting   | |  1.1
Hexes          | |  3.0

Action                   || total
-------------------------++-------
Melee: Unarmed           ||    26
Throw: Boomerang         ||    78
       Throwing net      ||     3
       Stone             ||     1
  Use: Potion            ||     3
 Stab: Held in net/web   ||     2
Armor: Robe              ||    12
Dodge: Dodged            ||    54

Table legend: (Time is in decaauts)
 A = Elapsed time spent in this place.
 B = Non-inter-level travel time spent in this place.
 C = Inter-level travel time spent in this place.
 D = Time resting spent in this place.
 E = Time spent auto-exploring this place.
 F = Levels seen in this place.
 G = Mean time per level.
                   A        B        C        D        E       F      G
               +--------+--------+--------+--------+--------+-----+--------+
         Total |   1154 |   1154 |      0 |    666 |    272 |   3 |  384.7 |
       Dungeon |   1154 |   1154 |      0 |    666 |    272 |   3 |  384.7 |
               +--------+--------+--------+--------+--------+-----+--------+

Top non-repeatable levels by time:
     D:2: 559 daAuts
     D:1: 431 daAuts
     D:3: 163 daAuts
